 Dungeon Crawl Stone Soup version 0.28-a0-474-g535839065c (webtiles) character file.

Game seed: 16657777789180726591

1474 Squid the Cleaver (level 8, 0/106 HPs)
             Began as a Hill Orc Berserker on Sept 15, 2021.
             Was a Priest of Trog.
             Succumbed to a scorpion's poison
             ... on level 5 of the Dungeon.
             The game lasted 00:13:15 (6705 turns).

Squid the Cleaver (Hill Orc Berserker)              Turns: 6705, Time: 00:13:16

Health: 0/106      AC: 12    Str: 22    XL:     8   Next: 78%
Magic:  8/8        EV:  9    Int:  7    God:    Trog [***...]
Gold:   143        SH:  0    Dex: 16    Spells: 7/7 levels left

rFire   . . .      SeeInvis .   a - +0 hand axe
rCold   . . .      Faith    .   (no shield)
rNeg    . . .      Spirit   .   p - +0 chain mail
rPois   .          Reflect  .   k - +1 helmet
rElec   .          Harm     .   (no cloak)
rCorr   .          Rampage  .   (no gloves)
Will    .....                   (no boots)
Stlth   ..........              (no amulet)
HPRegen 0.27/turn               h - +6 ring of dexterity
MPRegen 0.11/turn               (no ring)

@: berserking, lethally poisoned (0 -> -17), very quick
A: no striking features
a: Renounce Religion, Berserk, Trog's Hand


You were on level 5 of the Dungeon.
You worshipped Trog.
Trog was most pleased with you.
You visited 2 branches of the dungeon, and saw 6 of its levels.

You collected 143 gold pieces.

Inventory:

Hand Weapons
 a - a +0 hand axe (weapon)
Missiles
 i - 16 boomerangs (quivered)
Armour
 k - a +1 helmet (worn)
 p - a +0 chain mail (worn)
Jewellery
 h - a +6 ring of dexterity (left hand)
Scrolls
 b - a scroll of silence {unknown}
 j - a scroll of enchant weapon
 m - a scroll of fear {unknown}
Potions
 d - 3 potions of heal wounds
 e - 2 potions of curing {unknown}
 f - a potion of might {unknown}
 g - a potion of degeneration {unknown}
 l - a potion of brilliance {unknown}
 n - 2 potions of magic {unknown}
 o - a potion of cancellation {unknown}


   Skills:
 + Level 6.6 Fighting
 + Level 9.2 Axes
 + Level 1.2 Throwing
 + Level 6.6 Armour
 + Level 3.0 Dodging
 + Level 1.3 Stealth


You had 7 spell levels left.
You didn't know any spells.
Your spell library was empty.

Dungeon Overview and Level Annotations

Branches:
Dungeon (5/15)             Temple (1/1) D:4

Altars:
Ashenzari
Cheibriados
Elyvilon
Hepliaklqana
Kikubaaqudgha
Nemelex Xobeh
Okawaru
Sif Muna
Uskayaw
Vehumet
Wu Jian
Xom
Yredelemnul
Zin


Message History

You feel sick. The scorpion barely misses you.
You closely miss the scorpion.
The scorpion is severely wounded.
You feel sick. The scorpion stings you.
You are more poisoned.
The scorpion poisons you! The scorpion stings you.
You are more poisoned.
The scorpion poisons you!
You hit the scorpion but do no damage.
The scorpion is severely wounded.
You feel very sick.
The scorpion stings you but does no damage.
Your chain mail prevents you from hitting the scorpion.
The scorpion is severely wounded.
You feel very sick.
The scorpion stings you but does no damage.
You closely miss the scorpion.
The scorpion is severely wounded.
You feel very sick.
The scorpion stings you but does no damage.
Your chain mail prevents you from hitting the scorpion.
The scorpion is severely wounded.
You feel very sick. The scorpion stings you.
* * * LOW HITPOINT WARNING * * *
You hit the scorpion.
The scorpion is almost dead.
You feel sick. The scorpion stings you!
* * * LOW HITPOINT WARNING * * *
A red film seems to cover your vision as you go berserk!
You feel yourself moving faster!
You feel mighty!
* * * LOW HITPOINT WARNING * * *
You feel sick. The scorpion stings you.
* * * LOW HITPOINT WARNING * * *
You are more poisoned.
The scorpion poisons you!
You hit the scorpion.
You kill the scorpion!
Trog accepts your kill.
You die...

#...... #...... #......
#...... #...... ##.....
#############.....
#.....#.....##....
#.....#@....#.....######
#..#..#†.#..#..#..#.....
+###.g#..#..#..#..#..#.....
.(..o.#.....#.....#..#..#..
..ooo#.....#.....#..#..###
######################)†#..#
#....................)..#..#
#.....................).#..#
#.####################..#..#


There were no monsters in sight!

Vanquished Creatures
  A sky beast (D:4)
  3 ogres
  A necrophage (D:5)
  2 phantoms (D:5)
  A kobold brigand (D:4)
  3 scorpions
  A water moccasin zombie (D:5)
  An orc priest (D:5)
  A gnoll shaman (D:5)
  4 hounds
  2 bullfrog skeletons
  2 iguanas (D:5)
  Natasha (thrice) (D:4)
  3 orc wizards
  A hound skeleton (D:5)
  3 gnolls (D:5)
  7 adders
  A shadow imp (D:5)
  A worm (D:3)
  A dart slug (D:3)
  16 orcs
  6 bats
  7 endoplasms
  2 giant cockroaches (D:3)
  4 goblins
  4 hobgoblins
  3 jackals (D:1)
  6 quokkas
  5 ball pythons
  2 frilled lizards
  4 kobolds
  22 rats
123 creatures vanquished.

Notes
Turn   | Place    | Note
-------+----------+-------------------------------------------
     0 | D:1      | Squid the Hill Orc Berserker began the quest for the Orb.
     0 | D:1      | Reached XP level 1. HP: 19/19 MP: 1/1
   484 | D:1      | Reached XP level 2. HP: 27/27 MP: 2/2
  1370 | D:2      | Reached XP level 3. HP: 28/33 MP: 3/3
  1636 | D:2      | Reached ** piety under Trog
  2293 | D:3      | Reached skill level 5 in Axes
  2306 | D:3      | Reached XP level 4. HP: 40/40 MP: 4/4
  3009 | D:3      | Noticed a scorpion
  3014 | D:3      | Killed a scorpion
  3015 | D:3      | Reached XP level 5. HP: 47/47 MP: 5/5
  3201 | D:3      | Identified the +4 hunting sling of Gozag's Fury {speed,
                  | Dex+5}
  3410 | D:3      | Reached skill level 6 in Axes
  3711 | D:3      | Reached XP level 6. HP: 53/53 MP: 6/6
  3929 | D:4      | Reached skill level 1 in Throwing
  3961 | D:4      | Found a staircase to the Ecumenical Temple.
  4017 | Temple   | Entered the Ecumenical Temple
  4293 | D:4      | Noticed Natasha
  4299 | D:4      | Killed Natasha
  4310 | D:4      | Noticed Natasha
  4311 | D:4      | Identified the +7 dagger "Newtbane" {drain, Will+ rCorr
                  | Dex-5}
  4326 | D:4      | Killed Natasha
  4501 | D:4      | Noticed Natasha
  4512 | D:4      | Killed Natasha
  4512 | D:4      | Reached *** piety under Trog
  4513 | D:4      | Reached XP level 7. HP: 52/60 MP: 7/7
  5132 | D:4      | Reached skill level 5 in Fighting
  5137 | D:4      | Reached skill level 7 in Axes
  5137 | D:4      | Reached skill level 5 in Armour
  5137 | D:4      | Reached skill level 1 in Stealth
  5335 | D:5      | Entered Level 5 of the Dungeon
  5982 | D:5      | Reached skill level 8 in Axes
  5982 | D:5      | Reached XP level 8. HP: 63/70 MP: 8/8
  6623 | D:5      | Reached skill level 9 in Axes
  6704 | D:5      | HP: 3/106 [scorpion (6)]
  6705 | D:5      | Succumbed to a scorpion's poison

Illustrated notes

Levels and vault maps discovered:
D:1:      minmay_arrival_wavy_path, layout_loops_ring, minmay_misc_feat_cross
D:2:      layout_basic, minmay_rat_hole
D:3:      minmay_octagon_keep, layout_loops_corners
D:4:      layout_cave_pools, minmay_temple_entry_statues_pillars, uniq_natasha
D:5:      kennysheep_windowed_halls, layout_basic, grunt_ministairs_14
Temple:   nicolae_temple_great_sept

Skill      XL: |  1  2  3  4  5  6  7  8 |
---------------+-------------------------+-----
Fighting       | 4 5 6 |  6.6
Axes           | 5 6 8 9 |  9.2
Armour         | 3 4 5 6 |  6.6
Dodging        | 2 3 |  3.0
Throwing       | 1 |  1.2
Stealth        | 1 |  1.3

Action                   |  1- 3 |  4- 6 |  7- 9 || total
-------------------------+-------+-------+-------++-------
Melee: Hand axe          |   116 |    87 |   196 ||   399
Throw: Boomerang         |       |    12 |       ||    12
Invok: Berserk           |     3 |     5 |     4 ||    12
       Trog's Hand       |     1 |     6 |     6 ||    13
  Use: Scroll            |     4 |     2 |     4 ||    10
Armor: Animal skin       |     7 |       |       ||     7
       Ring mail         |    56 |    52 |    28 ||   136
       Chain mail        |       |       |    51 ||    51
Dodge: Dodged            |   105 |    56 |    89 ||   250

Table legend: (Time is in decaauts)
 A = Elapsed time spent in this place.
 B = Non-inter-level travel time spent in this place.
 C = Inter-level travel time spent in this place.
 D = Time resting spent in this place.
 E = Time spent auto-exploring this place.
 F = Levels seen in this place.
 G = Mean time per level.
                   A        B        C        D        E       F      G
               +--------+--------+--------+--------+--------+-----+--------+
         Total |   6802 |   6750 |     52 |   2117 |   3176 |   6 | 1133.7 |
       Dungeon |   6639 |   6587 |     52 |   2117 |   3113 |   5 | 1327.8 |
        Temple |    162 |    162 |      0 |      0 |     63 |   1 |  162.0 |
               +--------+--------+--------+--------+--------+-----+--------+

Top non-repeatable levels by time:
     D:3: 2018 daAuts
     D:5: 1370 daAuts
     D:4: 1295 daAuts
     D:1: 988 daAuts
     D:2: 967 daAuts
  Temple: 162 daAuts
